 Dungeon Crawl Stone Soup version 0.29.1-15-g9cfb28693d (webtiles) character file.

Game seed: 15485007841368009835

135 cowcol the Covered (level 4, -2/41 HPs)
             Began as a Minotaur Fighter on Apr 28, 2023.
             Was an Initiate of Okawaru.
             Slain by Menkaure (15 damage)
             ... on level 4 of the Dungeon.
             The game lasted 00:06:59 (3027 turns).

cowcol the Covered (Minotaur Fighter)               Turns: 3027, Time: 00:07:00

Health: -2/41      AC: 13    Str: 21    XL:     4   Next: 97%
Magic:  3/3        EV:  9    Int:  5    God:    Okawaru [......]
Gold:   100        SH:  4    Dex: 11    Spells: 3/3 levels left

rFire   . . .      SeeInvis .   a - +0 war axe
rCold   . . .      Faith    .   c - +0 buckler
rNeg    . . .      Spirit   .   p - +4 scale mail
rPois   .          Reflect  .   (helmet restricted)
rElec   .          Harm     .   g - scarf {repulsion}
rCorr   .          Rampage  .   (no gloves)
Will    .....                   (no boots)
Stlth   ..........              (no amulet)
HPRegen 0.13/turn               (no ring)
MPRegen 0.08/turn               (no ring)

@: repel missiles
A: horns 2, retaliatory headbutt, iridescent scales 1, mutation resistance 1
a: Renounce Religion


You were on level 4 of the Dungeon.
You worshipped Okawaru.
Okawaru was noncommittal.
You visited 1 branch of the dungeon, and saw 4 of its levels.

You collected 100 gold pieces.

Inventory:

Hand Weapons
 a - a +0 war axe (weapon)
Missiles
 j - 13 stones (quivered)
Armour
 b - a +0 scale mail
 c - a +0 buckler (worn)
 g - a scarf of repulsion (worn)
 o - a +0 chain mail
 p - a +4 scale mail (worn)
Scrolls
 d - a scroll of amnesia {unknown}
 e - a scroll of summoning {unknown}
 h - a scroll of torment
 i - a scroll of enchant weapon
 k - 2 scrolls of teleportation
 l - a scroll of magic mapping {unknown}
Potions
 f - a potion of curing
 m - a potion of heal wounds {unknown}
 n - a potion of lignification {unknown}


   Skills:
 + Level 4.4 Fighting
 + Level 4.4 Axes
 + Level 0.1 Throwing
 + Level 5.1 Armour
 - Level 3.6 Shields


You had 3 spell levels left.
You didn't know any spells.
Your spell library contained the following spells:

 Spells                   Type           Power      Damage    Failure   Level
 Freezing Cloud           Conj/Ice/Air   0%         6-21      100%        5
 Polar Vortex             Ice            0%         N/A       100%        9
 Simulacrum               Ice/Necr       Unusable   N/A       N/A         6

Dungeon Overview and Level Annotations

Branches:
Dungeon (4/15)
 Temple: D:4-7

Altars:
Nemelex Xobeh
Okawaru
Ru
Trog
Yredelemnul

Annotations:
D:4 Dowan, Menkaure


Innate Abilities, Weirdness & Mutations

You have a pair of horns on your head.
You reflexively headbutt those who attack you in melee.
You are partially covered in iridescent scales. (AC +2)
You are somewhat resistant to further mutation.


Message History

Menkaure casts a spell.
Menkaure seems to speed up.
Menkaure calls on the powers of darkness!
Your body is wracked with pain!
You climb upwards.
There is a stone staircase leading down here.
You start resting.
HP restored.
You start waiting.
Done waiting.
You start waiting.
You start waiting.
Done waiting.
You start waiting.
Done waiting.
You climb downwards.
Level annotation: Dowan, Menkaure
There is a stone staircase leading up here.
Okay, then.
Menkaure gestures at you while chanting.
Pain shoots through your body! You block Menkaure's attack.
You barely miss Menkaure. You headbutt Menkaure.
Menkaure is lightly damaged.
Menkaure breathes soot at you. Menkaure hits you.
You hit Menkaure but do no damage.
Menkaure is lightly damaged.
Menkaure barely misses you.
You hit Menkaure but do no damage.
Menkaure is lightly damaged.
Menkaure hits you!
You hit Menkaure but do no damage.
Menkaure is lightly damaged.
Menkaure calls on the powers of darkness!
Your body is wracked with pain!
You hit Menkaure but do no damage. You headbutt Menkaure!
Menkaure is heavily damaged.
Menkaure hits you!
You die...

..# ..# ##. #># #.# .. #.#
# ###.##.### #.# >. .[..
#........# #.### ...
.....###........###.).#....
...................<.eM....
.....###........##..#.#?...
..........@M....##.##.# ...
......##........... #.# ..
................### #.# #
......รท<...$...... ...
.................. ...
.......####.#..... ...
.=.##.. ....... ## ##.
....... #. ......


You could see Menkaure.

Vanquished Creatures
  A hound (D:3)
  Robin (D:2)
  3 adders (D:3)
  A worm (D:3)
  An orc (D:3)
  5 ball pythons
  8 endoplasms
  A giant cockroach (D:2)
  12 goblins
  7 hobgoblins
  3 quokkas (D:1)
  7 bats
  4 frilled lizards
  A kobold (D:1)
  2 rats
57 creatures vanquished.

Vanquished Creatures (others)
  A withered plant (D:3)
1 creature vanquished.

Grand Total: 58 creatures vanquished

Notes
Turn   | Place    | Note
-------+----------+-------------------------------------------
     0 | D:1      | cowcol the Minotaur Fighter began the quest for the Orb.
     0 | D:1      | Reached XP level 1. HP: 19/19 MP: 0/0
   109 | D:1      | Reached XP level 2. HP: 27/27 MP: 1/1
   131 | D:1      | Reached skill level 4 in Armour
   147 | D:1      | Found a faded altar of an unknown god.
   661 | D:2      | Reached XP level 3. HP: 33/33 MP: 2/2
   797 | D:2      | Noticed Robin
   807 | D:2      | Killed Robin
  1018 | D:2      | Gained mutation: You are frail. (-10% HP) [potion of
                  | mutation]
  1019 | D:2      | Lost mutation: You are frail. (-10% HP) [potion of
                  | mutation]
  1019 | D:2      | Gained mutation: You are partially covered in iridescent
                  | scales. (AC +2) [potion of mutation]
  1019 | D:2      | Gained mutation: You are somewhat resistant to further
                  | mutation. [potion of mutation]
  1779 | D:3      | Found a basalt altar of Yredelemnul.
  1791 | D:3      | Reached XP level 4. HP: 41/41 MP: 3/3
  1795 | D:3      | Found a sacrificial altar of Ru.
  2124 | D:3      | Found an iron altar of Okawaru.
  2133 | D:3      | Became a worshipper of Warmaster Okawaru
  2142 | D:3      | Identified the +2 leather armour "Qempyinwemn" {rPois}
  2177 | D:3      | Found a bloodstained altar of Trog.
  2257 | D:3      | Found a sparkling altar of Nemelex Xobeh.
  2287 | D:4      | Noticed Menkaure
  2287 | D:4      | Noticed Dowan
  2304 | D:3      | Reached skill level 5 in Armour
  3027 | D:4      | Slain by Menkaure

Illustrated notes

Levels and vault maps discovered:
D:1:      ncdulo_wetmaze, layout_rooms, hellmonk_ecumenical_altar_slurped_away,
          chequers_avenue
D:2:      layout_basic, interstate_on_off, uniq_robin, uniq_jessica
D:3:      layout_rooms, yredelemnul_altar_generic, mainiacjoe_overflow_alcove_1,
          marbit_many_paths, okawaru_gym_becter, nemelex_dance_club_becter,
          chequers_serial_rivers_room_b
D:4:      layout_rooms, zin_angel, minmay_temple_entry_tees,
          kennysheep_decorative_pillar, uniq_menkaure, uniq_edmund, uniq_duvessa

Skill      XL: |  1  2  3  4 |
---------------+-------------+-----
Fighting       | 4 |  4.4
Armour         | 4 5 |  5.1
Axes           | 3 4 |  4.4
Throwing       | |  0.1
Shields        | |  3.6

Action                   |  1- 3 |  4- 6 || total
-------------------------+-------+-------++-------
Melee: War axe           |    69 |    44 ||   113
       Headbutt          |     9 |     8 ||    17
Throw: Stone             |     3 |     2 ||     5
  Use: Potion            |     4 |       ||     4
       Scroll            |     3 |     1 ||     4
Armor: Scale mail        |    34 |    25 ||    59
Dodge: Dodged            |    40 |    26 ||    66
Block: Buckler           |     9 |    12 ||    21
